 Seeded DCSS version 0.31-a0-18-gea43df2a32 (webtiles) character file.

Game seed: 10976334159094553074 (custom seed)

593 Mickster the Trooper (level 7, -2/54 HPs)
             Began as a Demonspawn Berserker on May 9, 2023.
             Was a Believer of Trog.
             Slain by an ogre
             ... wielding a +0 giant club
              (24 damage)
             ... on level 5 of the Dungeon.
             The game lasted 00:29:10 (2686 turns).

Mickster the Trooper (Demonspawn Berserker)         Turns: 2686, Time: 00:29:10

Health: -2/54      AC: 11    Str: 19    XL:     7   Next: 16%
Magic:  7/7        EV:  8    Int:  9    God:    Trog [**....]
Gold:   166        SH:  8    Dex: 12    Spells: 6/6 levels left

rFire   + . .        l - +2 whip (elec)
rCold   . . .        d - +0 buckler
rNeg    . . .        n - +0 chain mail
rPois   +            (helmet restricted)
rElec   .            (no cloak)
rCorr   .            q - +0 pair of gloves
SInv    .            h - +0 pair of boots
Will    .....        g - amulet of reflection Stlth
                     o - ring of poison resistance
HPRegen 0.29/turn    m - ring of protection from fire
MPRegen 0.10/turn

%: reflection
@: no status effects
A: antennae 1, spiny 1, demonic magic 1
a: Renounce Religion, Berserk, Trog's Hand


You were on level 5 of the Dungeon.
You worshipped Trog.
Trog was pleased with you.
You visited 2 branches of the dungeon, and saw 6 of its levels.

You collected 166 gold pieces.

Inventory:

Hand Weapons
 a - a +0 hand axe
 b - a +2 dagger of speed
 e - a +0 shortbow
 f - a +2 scythe of protection
 l - a +2 whip of electrocution (weapon)
 p - a +0 dagger of speed
 r - the +6 sling of the Penguin {flame, Will- Int+5 Dex+3}
   (You found it on level 5 of the Dungeon)

   Int:       It affects your intelligence (+5).
   Dex:       It affects your dexterity (+3).
   Will:      It decreases your willpower.
Missiles
 c - 11 poisoned darts (quivered)
 i - 6 stones
Armour
 d - a +0 buckler (worn)
 h - a +0 pair of boots (worn)
 n - a +0 chain mail (worn)
 q - a +0 pair of gloves (worn)
Jewellery
 g - an amulet of reflection (around neck)
 m - a ring of protection from fire (right hand)
 o - a ring of poison resistance (left hand)
Wands
 j - a wand of flame (8)
Scrolls
 k - a scroll of teleportation


   Skills:
 + Level 4.2 Fighting
 - Level 4.0(4.7) Axes
 * Level 3.7(4.6) Maces & Flails
 + Level 3.2 Armour
 + Level 2.5 Dodging
 + Level 1.4 Stealth
 + Level 1.1 Shields


You had 6 spell levels left.
You didn't know any spells.
Your spell library was empty.

Dungeon Overview and Level Annotations

Branches:
Dungeon (5/15)             Temple (1/1) D:5

Altars:
Fedhas
Gozag
Hepliaklqana
Kikubaaqudgha
Nemelex Xobeh
Qazlal
Sif Muna
Uskayaw
Vehumet
Xom

Shops:
D:3 [(   D:4 [


Innate Abilities, Weirdness & Mutations

You have a pair of small antennae on your head.
You are partially covered in sharp spines.
Spells you cast may paralyse adjacent enemies.


Message History

Trog accepts your kill.
Items here: )) [[ †.
Okay, then.
Things that are here:
a +0 dagger; a +0 scale mail; a +0 club Unknown command.
Things that are here:
a +0 dagger; a +0 scale mail; a +0 club
c - 13 poisoned darts (gained 5)
Found a leather armour.
An ogre comes into view. It is wielding a +0 giant club.
The ogre shouts!
Throw: 13 darts (poison)
Press: ? - help, Q - select action, (/) - cycle Shift-Dir - straight line, f - ogre
Aim: an ogre, wielding a +0 giant club (74% to hit)
You throw a poisoned dart.
The poisoned dart barely misses the ogre.
Throw: 12 darts (poison)
Press: ? - help, Q - select action, (/) - cycle Shift-Dir - straight line, f/p - ogre
Aim: an ogre, wielding a +0 giant club (74% to hit)
You throw a poisoned dart. The poisoned dart hits the ogre.
The ogre is struck by your spines. The ogre hits you with a +0 giant club!
You completely miss the ogre.
The ogre is lightly wounded.
The ogre hits you with a +0 giant club!!
You barely miss the ogre.
The ogre is lightly wounded.
You barely miss the ogre.
The ogre is lightly wounded.
You block the ogre's attack.
You completely miss the ogre.
The ogre is lightly wounded.
You hit the ogre.
The ogre is lightly wounded.
You block the ogre's attack.
You barely miss the ogre.
The ogre is lightly wounded.
The ogre is struck by your spines.
The ogre hits you with a +0 giant club!!
You die...

## #....# .##.
##....# #...
#.....#
#..###.....#
#####..#.......# .
..........[....#...
#................
#........@O...(#
##.....##....###
##....####....#
..#.....####.##..#
#........#..# ##.#
#..##......## ..
#..##.#.....# .
#..#......#.#
#..#.....###..


You could see an ogre.

Vanquished Creatures
  Sigmund (D:5)
  A centaur (D:5)
  A scorpion (D:5)
  A jelly (D:4)
  2 hounds (D:5)
  Terence (D:3)
  A sleepcap (D:5)
  An iguana (D:4)
  4 gnolls (D:5)
  2 adders
  2 worms
  4 dart slugs
  6 orcs
  4 ball pythons
  6 endoplasms
  2 giant cockroaches
  7 goblins
  3 hobgoblins
  6 jackals
  4 kobolds
  A bat (D:1)
  2 frilled lizards
  2 rats (D:1)
64 creatures vanquished.

Notes
Turn   | Place    | Note
-------+----------+-------------------------------------------
     0 | D:1      | Mickster the Demonspawn Berserker began the quest for the
                  | Orb.
     0 | D:1      | Reached XP level 1. HP: 18/18 MP: 1/1
    57 | D:1      | Gained mutation: You are partially covered in sharp spines.
                  | [demonic ancestry]
    57 | D:1      | Reached XP level 2. HP: 24/24 MP: 2/2
   502 | D:2      | Gained mutation: You have a pair of small antennae on your
                  | head. [demonic ancestry]
   502 | D:2      | Reached XP level 3. HP: 17/29 MP: 3/3
  1027 | D:2      | Reached ** piety under Trog
  1092 | D:3      | Found Riytak's Armour Boutique.
  1185 | D:3      | Found a radiant altar of Vehumet.
  1185 | D:3      | Found an ancient bone altar of Kikubaaqudgha.
  1187 | D:3      | Found a shimmering blue altar of Sif Muna.
  1246 | D:3      | Found Xuystratt's Weapon Boutique.
  1316 | D:3      | Noticed Terence
  1328 | D:3      | Killed Terence
  1329 | D:3      | Reached XP level 4. HP: 17/35 MP: 4/4
  1601 | D:4      | Reached skill level 1 in Stealth
  1601 | D:4      | Reached XP level 5. HP: 41/42 MP: 5/5
  1991 | D:4      | Found Noacsic's Armour Shop.
  2226 | D:5      | Entered Level 5 of the Dungeon
  2232 | D:5      | Noticed a centaur
  2241 | D:5      | Reached skill level 1 in Maces & Flails
  2246 | D:5      | Killed a centaur
  2247 | D:5      | Gained mutation: Spells you cast may paralyse adjacent
                  | enemies. [demonic ancestry]
  2247 | D:5      | Reached XP level 6. HP: 48/48 MP: 6/6
  2254 | D:5      | Noticed Sigmund
  2265 | D:5      | Identified the +2 helmet of the King of the Hill {rF+
                  | Str+3}
  2283 | D:5      | Killed Sigmund
  2284 | D:5      | Reached skill level 1 in Shields
  2284 | D:5      | Reached XP level 7. HP: 41/54 MP: 7/7
  2431 | D:5      | Found a staircase to the Ecumenical Temple.
  2435 | D:5      | Identified the +6 sling of the Penguin {flame, Will- Int+5
                  | Dex+3}
  2437 | D:5      | Found a stormy altar of Qazlal.
  2443 | D:5      | Upgraded the game from 0.31-a0-16-g6d2539766c to
                  | 0.31-a0-18-gea43df2a32
  2460 | Temple   | Entered the Ecumenical Temple
  2686 | D:5      | Slain by an ogre

Illustrated notes

Levels and vault maps discovered:
D:1:      enne_arrival_octagon_isle, layout_basic
D:2:      layout_loops_ring, grunt_ministairs_8, minmay_shallow_snake_nest
D:3:      layout_basic, grunt_temple_overflow_magic_moments, serial_shops, shop,
          shop, nicolae_shop_drivethru, shop, grunt_decor_clamped, uniq_terence
D:4:      layout_cave_pools, serial_co_window_serial,
          co_window_of_opportunity_a, co_window_corner_a, co_window_paths_b,
          co_window_paths_a, co_window_corner_a, co_window_broadway_a,
          co_window_2corner, co_window_unsneaky_path_e, co_window_2corner,
          co_window_of_opportunity_b, co_window_2corner, glass_columns_a,
          glass_columns_c, glass_columns_b, glass_columns_b, glass_columns_a,
          serial_shops, nicolae_shop_rolling_square, small_statue_intersection
D:5:      layout_layer_cave, grunt_qazlal_clouds, yredelemnul_altar_generic,
          mainiacjoe_overflow_alcove_2, minmay_temple_entry_stoned_glass,
          uniq_sigmund
Temple:   nicolae_temple_godpark

Skill      XL: |  1  2  3  4  5  6 |
---------------+-------------------+-----
Axes           | 3 4 |  4.0
Dodging        | 2 |  2.5
Armour         | 2 3 |  3.2
Stealth        | 1 |  1.4
Maces & Flails | 1 3 |  3.7
Fighting       | 4 |  4.2
Shields        | 1 |  1.1

Action                     |  1- 3 |  4- 6 |  7- 9 || total
---------------------------+-------+-------+-------++-------
  Melee: Hand axe          |    79 |     8 |       ||    87
         Whip              |       |    52 |    25 ||    77
  Throw: Dart              |       |       |     2 ||     2
 Invoke: Berserk           |     2 |     2 |       ||     4
    Use: Potion            |     2 |     1 |       ||     3
         Scroll            |     2 |     3 |       ||     5
   Stab: Sleeping          |     1 |       |       ||     1
 Armour: Animal skin       |     6 |       |       ||     6
         Leather armour    |     3 |       |       ||     3
         Scale mail        |     2 |     4 |       ||     6
         Chain mail        |       |    31 |     4 ||    35
  Dodge: Dodged            |    29 |    23 |     4 ||    56
  Block: Buckler           |     7 |    21 |    11 ||    39
         Reflection        |       |     1 |       ||     1

Table legend: (Time is in decaauts)
 A = Elapsed time spent in this place.
 B = Non-inter-level travel time spent in this place.
 C = Inter-level travel time spent in this place.
 D = Time resting spent in this place.
 E = Time spent auto-exploring this place.
 F = Levels seen in this place.
 G = Mean time per level.
                   A        B        C        D        E       F      G
               +--------+--------+--------+--------+--------+-----+--------+
         Total |   2734 |   2493 |    241 |    569 |      0 |   6 |  455.7 |
       Dungeon |   2636 |   2395 |    241 |    569 |      0 |   5 |  527.2 |
        Temple |     97 |     97 |      0 |      0 |      0 |   1 |   97.0 |
               +--------+--------+--------+--------+--------+-----+--------+

Top non-repeatable levels by time:
     D:4: 889 daAuts
     D:2: 653 daAuts
     D:1: 457 daAuts
     D:5: 363 daAuts
     D:3: 272 daAuts
  Temple: 97 daAuts
